 Dungeon Crawl Stone Soup version 0.29.1-1-gd02db6906a (webtiles) character file.

Game seed: 13064666468151280555

210 Zeld the Chopper (level 5, -1/47 HPs)
             Began as a Minotaur Berserker on Oct 20, 2022.
             Was a Believer of Trog.
             Slain by an orc wizard
             ... wielding a +0 dagger
              (3 damage)
             ... on level 4 of the Dungeon.
             The game lasted 00:01:38 (2775 turns).

Zeld the Chopper (Minotaur Berserker)               Turns: 2775, Time: 00:01:38

Health: -1/47      AC:  8    Str: 24    XL:     5   Next: 57%
Magic:  4/4        EV: 11    Int:  4    God:    Trog [**....]
Gold:   230        SH:  0    Dex:  9    Spells: 4/4 levels left

rFire   . . .      SeeInvis .   a - +0 hand axe
rCold   . . .      Faith    .   (no shield)
rNeg    . . .      Spirit   .   b - +1 scale mail {rPois}
rPois   +          Reflect  .   (helmet restricted)
rElec   .          Harm     .   (no cloak)
rCorr   .          Rampage  .   (no gloves)
Will    .....                   (no boots)
Stlth   ..........              (no amulet)
HPRegen 0.15/turn               (no ring)
MPRegen 0.09/turn               (no ring)

@: on berserk cooldown
A: horns 2, retaliatory headbutt
a: Renounce Religion, Berserk, Trog's Hand


You were on level 4 of the Dungeon.
You worshipped Trog.
Trog was pleased with you.
You visited 1 branch of the dungeon, and saw 4 of its levels.

You collected 230 gold pieces.

Inventory:

Hand Weapons
 a - a +0 hand axe (weapon)
Armour
 b - a +1 scale mail of poison resistance (worn)
Jewellery
 o - a ring of positive energy
Scrolls
 d - 5 scrolls of identify {unknown}
 g - a scroll of brand weapon {unknown}
 h - a scroll of summoning
 i - a scroll of teleportation {unknown}
 j - 2 scrolls of fog {unknown}
 l - 2 scrolls of poison {unknown}
 p - a scroll of immolation {unknown}
 q - a scroll of magic mapping {unknown}
 r - a scroll of amnesia {unknown}
Potions
 c - 2 potions of curing {unknown}
 e - a potion of resistance {unknown}
 f - a potion of flight {unknown}
 k - 3 potions of haste
 m - 2 potions of attraction {unknown}
 n - a potion of brilliance {unknown}
 s - a potion of degeneration {unknown}


   Skills:
 + Level 4.7 Fighting
 * Level 5.6 Axes
 + Level 3.7 Armour
 + Level 3.4 Dodging


You had 4 spell levels left.
You didn't know any spells.
Your spell library was empty.

Dungeon Overview and Level Annotations

Branches:
Dungeon (4/15)
 Temple: D:4-7

Altars:


Innate Abilities, Weirdness & Mutations

You have a pair of horns on your head.
You reflexively headbutt those who attack you in melee.


Message History

Something hits you but does no damage.
Unknown command.
Unknown command.
You closely miss something.
The orc shouts!
Your headbutt misses something.
Your skin stops crawling.
You feel less strong-willed.
Something hits you but does no damage. x2
Unknown command.
You hit something but do no damage. Your headbutt misses something.
Something hits you.
* * * LOW HITPOINT WARNING * * *
Something hits you but does no damage.
Unknown command.
You miss something. You headbutt something.
The orc drinks a potion.
The orc seems to speed up.
Something hits you but does no damage.
Unknown command.
You barely miss something. Your headbutt misses something.
Something hits you but does no damage. The orc hits you but does no damage.
Something hits you but does no damage.
Unknown command.
You hit the orc but do no damage. Your headbutt misses the orc.
You hit something. The orc hits you but does no damage. x2
Something hits you but does no damage. The orc completely misses you.
Unknown command.
Unknown command.
You hit the orc but do no damage. You closely miss something.
The orc hits you but does no damage. Something hits you.
* * * LOW HITPOINT WARNING * * *
The orc completely misses you. Something hits you but does no damage.
Unknown command.
Unknown command.
You barely miss the orc. You barely miss something. The orc misses you.
The orc closely misses you. Something hits you but does no damage.
Unknown command.
You hit the orc but do no damage. You hit something.
You feel yourself speed up. The orc closely misses you.
You furiously retaliate!
You headbutt the orc, but do no damage. Something hits you.
You die...

###### #...<# #########
#.#### #.......###.# .
#...........#### ...
#..........#.).#
.....###........#)#)#
......o@{....).)...>#
.....###)###.##)###....#
... #'# #.##.# #.##.# .
... ...#.. ... #
......#.####.... .......
.# ...## ........'.#
#.### #........###
......


You could see an orc (fast).

Vanquished Creatures
  A howler monkey (D:4)
  A hound (D:3)
  An orc wizard (D:4)
  Robin (D:4)
  3 adders
  2 dart slugs (D:2)
  3 orcs (D:4)
  7 endoplasms
  4 giant cockroaches
  16 goblins
  10 hobgoblins
  5 kobolds
  2 quokkas (D:2)
  2 ball pythons
  3 bats
  3 rats (D:2)
64 creatures vanquished.

Notes
Turn   | Place    | Note
-------+----------+-------------------------------------------
     0 | D:1      | Zeld the Minotaur Berserker began the quest for the Orb.
     0 | D:1      | Reached XP level 1. HP: 19/19 MP: 0/0
   528 | D:1      | Reached XP level 2. HP: 27/27 MP: 1/1
   531 | D:1      | Reached skill level 4 in Axes
  1609 | D:2      | Reached XP level 3. HP: 33/33 MP: 2/2
  1678 | D:2      | Reached ** piety under Trog
  2174 | D:3      | Reached XP level 4. HP: 32/40 MP: 3/3
  2400 | D:3      | Reached skill level 5 in Axes
  2702 | D:4      | Noticed Robin
  2720 | D:4      | Reached XP level 5. HP: 30/47 MP: 4/4
  2721 | D:4      | Killed Robin
  2723 | D:4      | Reached *** piety under Trog
  2764 | D:4      | HP: 1/47 [frozen (3)]
  2769 | D:4      | HP: 2/47 [something (2)]
  2775 | D:4      | Slain by an orc wizard

Illustrated notes

Levels and vault maps discovered:
D:1:      dpeg_arrival_leaves_temple_mockup, layout_basic
D:2:      layout_basic, hangedman_abyss_or_decor_stabs,
          hangedman_decor_peaks_small, dk_noncrumbling_2,
          kennysheep_generic_room_4
D:3:      layout_rooms
D:4:      layout_basic, minmay_temple_entry_glassed_door, uniq_blork_the_orc,
          uniq_robin

Skill      XL: |  1  2  3  4 |
---------------+-------------+-----
Axes           | 4 5 |  5.6
Fighting       | 4 |  4.7
Armour         | 3 |  3.7
Dodging        | 3 |  3.4

Action                   |  1- 3 |  4- 6 || total
-------------------------+-------+-------++-------
Melee: Hand axe          |    82 |    63 ||   145
       Headbutt          |    10 |    10 ||    20
       Punch             |     1 |       ||     1
Invok: Berserk           |       |     1 ||     1
       Trog's Hand       |       |     1 ||     1
Armor: Animal skin       |     8 |       ||     8
       Scale mail        |    20 |    41 ||    61
Dodge: Dodged            |    56 |    38 ||    94
